 Dungeon Sprint DCSS version 0.17-a0-777-g32247ce (webtiles) character file.

102 lorenzova the Sneak (level 4, 0/26 HPs)
             Began as a Vine Stalker Assassin on Apr 25, 2015.
             Slain by a water elemental (16 damage)
             ... in the Dungeon (Sprint III: "The Ten Rune Challenge").
             The game lasted 00:03:16 (293 turns).

lorenzova the Sneak (Vine Stalker Assassin)          Turns: 293, Time: 00:03:17

Health: 0/26       AC:  4    Str: 13    XL:     4   Next: 77%
Magic:  0/5        EV: 14    Int: 11    God:
Gold:   22         SH:  0    Dex: 17    Spells: 0 memorised, 3 levels left

rFire  . . .     SeeInvis .     b - +0 blowgun
rCold  . . .     Clarity  .     c - +0 robe
rNeg   . . .     SustAb   .     (no shield)
rPois  .         Gourm    .     (no helmet)
rElec  .         Spirit   +     d - +0 cloak
rCorr  .         Warding  .     (no gloves)
rMut   .         NoTele   +     (no boots)
MR     .....                    (no amulet)
Stlth  ++++......               (no ring)
                                (no ring)

@: not resistant to hostile enchantments, stealthy
A: fangs 2, regeneration 1, shaggy fur 1, magic shield, antimagic bite, no
device heal 3, rot immunity
a: no special abilities


You were in the Dungeon.
You were not hungry.

You visited 1 branch You collected 22 gold pieces.

Inventory:

Hand weapons
 a - a +2 dagger
 b - a +0 blowgun (weapon)
Missiles
 e - 3 poisoned needles (quivered)
 f - 2 curare-tipped needles
Armour
 c - a +0 robe (worn)
 d - a +0 cloak (worn)
Scrolls
 m - a scroll of blinking
 n - a scroll of identify {unknown}
 o - 2 scrolls of holy word {unknown}
 p - 5 scrolls of remove curse
Potions
 h - 2 potions of curing
 i - a potion of heal wounds
 j - a potion of haste
 k - 2 potions of magic
 l - a potion of berserk rage
 r - a potion of cure mutation {unknown}
 s - 2 potions of might {unknown}
Comestibles
 g - a bread ration
 q - 2 royal jellies


   Skills:
 + Level 4.3 Fighting
 + Level 4.3 Throwing
 + Level 3.6 Dodging
 + Level 7.7 Stealth


You had 3 spell levels left.
You didn't know any spells.

Dungeon Overview and Level Annotations

Branches:
Dungeon (1/1)

Altars:


Innate Abilities, Weirdness & Mutations

You have extremely sharp teeth.
Your natural rate of healing is unusually fast.
You are covered in fur (AC +1).
When hurt, damage is shared between your health and your magic reserves.
Your bite disrupts and absorbs the magic of your enemies.
Potions and wands cannot restore your health.
You are immune to rotting.


Message History

Firing (i - inventory. (,) - cycle):
e - 6 poisoned needles (quivered)
Press: ? - help, Shift-Dir - straight line, f/p - water elemental
Aim: a water elemental You shoot a poisoned needle.
The poisoned needle hits the water elemental!
The water elemental misses you.
Firing (i - inventory. (,) - cycle):
e - 5 poisoned needles (quivered)
Press: ? - help, Shift-Dir - straight line, f/p - water elemental
Aim: a water elemental You shoot a poisoned needle.
The poisoned needle closely misses the water elemental.
The water elemental barely misses you.
Firing (i - inventory. (,) - cycle):
e - 4 poisoned needles (quivered)
Press: ? - help, Shift-Dir - straight line, f/p - water elemental
Aim: a water elemental You shoot a poisoned needle.
The poisoned needle hits the water elemental!
The water elemental hits you!!
Ouch! That really hurt!
You die...

▓.....#....≈.♣♣♣♣.###+#+
▓.....#...≈≈♣♣.♣..#.....
▓....(#..≈≈≈≈.♣♣♣.'.⌠...
▓####[#..≈≈≈≈≈≈♣..#...##
▓.....#.≈≈≈≈≈≈....#.⌠.#
▓.....#.≈≈≈≈≈.....#...#
▓.....#†≈≈≈...(...#+###
▓'#####...........#
▓......@E......(..#
▓▓▓▓▓▓▓▓▓▓▓▓▓▓▓▓▓▓▓


You could see a water elemental.

Vanquished Creatures
  A scorpion (D)
  Jessica (D)
  A human (D)
  An ooze (D)
  2 rats (D)
6 creatures vanquished.

Vanquished Creatures (others)
  3 plants (D)
3 creatures vanquished.

Grand Total: 9 creatures vanquished

Notes
Turn   | Place    | Note
--------------------------------------------------------------
     0 | D        | lorenzova, the Vine Stalker Assassin, began the quest for the Orb.
     0 | D        | Reached XP level 1. HP: 11/11 MP: 2/2
     9 | D        | Reached skill level 1 in Dodging
    27 | D        | Reached skill level 5 in Stealth
   138 | D        | Noticed Jessica
   145 | D        | Killed Jessica
   145 | D        | Reached skill level 6 in Stealth
   145 | D        | Reached XP level 2. HP: 12/16 MP: 3/3
   145 | D        | Reached XP level 3. HP: 15/20 MP: 4/4
   212 | D        | Noticed a scorpion
   220 | D        | Killed a scorpion
   220 | D        | Reached skill level 7 in Stealth
   220 | D        | Reached XP level 4. HP: 24/26 MP: 5/5
   276 | D        | Noticed a water elemental
   293 | D        | Slain by a water elemental

Action                   |  1- 3 |  4- 6 || total
-------------------------+-------+-------++-------
Melee: Dagger            |     9 |       ||     9
 Fire: Blowgun           |    17 |     4 ||    21
 Stab: Sleeping          |     1 |       ||     1
